AoeStats
← Simon Stokvis

African Clearing

506351867Analyzed
4v4 RM · 19d ago on Sep 13, 2026· 45m 3s· 8 players
Game mode
Random Map
Map size
Large (8 player)
Population
200
Speed
Normal
Resources
Standard
Victory
Conquest
Starting age
Dark Age
Ending age
Imperial Age
RankedLock teamsTeams togetherTeam positionsShared explorationLock speedFull tech treeHidden civsTurbo modeCheats
Victory
Defeat
🇨🇳 Magyars · China
1640
+11
🇮🇳 Mapuche · India
1606
+12
🇹🇷 Wu · Türkiye
1587
+13
🇨🇳 Mongols · China
1574
+14
🇨🇳 Jurchens · China
1662
-18
🇳🇱 Magyars · Netherlands
1516
-12
🇨🇳 Dravidians · China
1468
-10
🇨🇳 Mapuche · China
1465
-10
czj136
3:18 Loom
11:09 Feudal Age
11:40 Double-Bit Axe
13:37 Scale Barding Armor
16:00 Forging
16:32 Bloodlines
19:21 Wheelbarrow
20:00 Town Watch
20:00 Horse Collar
22:49 Castle Age
21:35 Gold Mining
23:53 Husbandry
26:48 Light Cavalry
27:50 Stone Mining
32:37 Imperial Age
30:27 Fletching
31:04 Bodkin Arrow
32:53 Ballistics
33:02 Padded Archer Armor
33:38 Bracer
34:41 Chemistry
35:33 Thumb Ring
36:04 Leather Archer Armor
35:55 Elite Mangudai
37:41 Parthian Tactics
40:30 Bow Saw
40:22 Heavy Plow
40:45 Conscription
43:13 Iron Casting
42:59 Chain Barding Armor
42:40 Hussar
46:37 Blast Furnace
小白
6:18 Loom
13:59 Feudal Age
17:37 Castle Age
15:52 Double-Bit Axe
18:28 Bow Saw
19:38 Scale Barding Armor
24:14 Corvinian Army
29:20 Chain Barding Armor
29:44 Husbandry
31:31 Bloodlines
32:30 Horse Collar
35:22 Wheelbarrow
36:05 Ballistics
37:00 Heavy Plow
42:16 Imperial Age
40:06 Fletching
41:55 Hand Cart
43:34 Plate Barding Armor
43:20 Conscription
42:43 Elite Magyar Huszar
46:22 Two-Man Saw
USTA
12:25 Loom
14:29 Feudal Age
16:01 Double-Bit Axe
18:39 Castle Age
16:43 Horse Collar
19:23 Fletching
20:23 Bow Saw
25:07 Bodkin Arrow
26:36 Bow Saw
31:01 Ballistics
34:32 Padded Archer Armor
37:53 Imperial Age
36:58 Scale Mail Armor
37:09 Forging
36:35 Pikeman
37:15 Squires
38:02 Chain Mail Armor
38:33 Masonry
39:22 Bracer
39:49 Chain Mail Armor
40:29 Leather Archer Armor
41:16 Chemistry
ntn88
4:00 Loom
13:12 Feudal Age
18:28 Castle Age
16:46 Fletching
23:00 Padded Archer Armor
23:47 Bodkin Arrow
26:40 Horse Collar
27:26 Double-Bit Axe
29:56 Bow Saw
29:37 Gold Mining
32:18 Ballistics
32:41 Wheelbarrow
34:55 Gold Shaft Mining
34:22 Heavy Plow
42:33 Gold Shaft Mining
44:33 Imperial Age
42:45 Leather Archer Armor
45:39 Malon
46:00 Conscription
Prigozhin
11:59 Loom
13:52 Feudal Age
18:08 Castle Age
17:51 Double-Bit Axe
21:06 Fletching
24:01 Bodkin Arrow
25:15 Bow Saw
27:14 Wheelbarrow
27:09 Fishing Lines
27:59 Horse Collar
28:10 Gold Mining
28:13 Stone Mining
28:16 Gold Mining
30:00 Ballistics
34:41 Imperial Age
36:10 Padded Archer Armor
36:37 Elite Skirmisher
38:54 Chemistry
37:23 Elite Bolas Rider
39:49 Gold Shaft Mining
43:03 Leather Archer Armor
i'm a pupil
7:52 Loom
14:43 Feudal Age
18:22 Castle Age
16:31 Double-Bit Axe
17:30 Gold Mining
19:21 Bow Saw
19:26 Fishing Lines
24:15 Town Watch
24:41 Gillnets
27:39 Fletching
29:16 Bodkin Arrow
29:53 Ballistics
34:53 Padded Archer Armor
37:15 Leather Archer Armor
37:38 Thumb Ring
39:29 Wheelbarrow
44:32 Husbandry
44:21 Horse Collar
啦啦啦啦啦啦
8:39 Loom
13:18 Feudal Age
18:13 Castle Age
26:08 Sanctity
Simon Stokvis
3:43 Loom
12:58 Feudal Age
12:11 Loom
16:47 Castle Age
23:10 Fletching
26:40 Bodkin Arrow
31:39 Town Watch
36:28 Imperial Age
36:24 Thumb Ring
36:22 Padded Archer Armor
37:20 Husbandry
37:34 Bloodlines
37:52 Heavy Cavalry Archer
39:41 Parthian Tactics
41:00 Ballistics
42:16 Bracer
Connection lost

Rejoining the realm…

Still unreachable

The connection could not be restored.

Session expired

The server has moved on; the page needs a fresh start.